Map: Odyssey LE

Players

Sigma

  • Race: Terran Terran
  • League: Platinum
  • Spawn Location: 5:00

Contrajoe - Winner!

  • Race: Terran Terran
  • League: Gold
  • Spawn Location: 11:00

VOD

Have the link to the VOD?

Description

Name says it

Time

  • Played on: June 15, 2017, 7:34 p.m.
  • Length: 20:34
Show
View Real Time Build Order
Export as new Build Order

Sigma Terran 

Build Orders: Reaper Expand, MMM Bio 

Get SALT Encoding   

  12  0:01  SCV  
  13  0:13  SCV  
  14  0:27  SCV  
  15  0:29  Supply Depot  
  15  0:46  Supply Depot  
  15  0:50  SCV  
  15  0:51  Barracks  
  16  0:59  Refinery  
  16  1:02  SCV  
  17  1:14  SCV  
  18  1:27  SCV  
  19  1:48  Reaper  
  19  1:52  Command Center  
  20  2:05  SCV  
  21  2:17  SCV  
  21  2:18  Barracks  
  22  2:29  SCV  
  23  2:34  Barracks  
  23  2:41  SCV  
  23  2:42  Reaper  
  25  3:01  SCV  
  25  3:17  Barracks Reactor  
  25  3:23  Barracks Reactor  
  25  3:24  Barracks Tech Lab  
  25  3:29  SCV  
  25  3:30  Refinery, SCV  
  27  3:41  SCV  
  27  3:42  SCV  
  27  3:44  Marine, Factory  
  29  3:59  Orbital Command  
  29  4:02  Orbital Command  
  28  4:04  Marine x2  
  28  4:05  Marine x2  
  32  4:23  Command Center, Marine x3  
  35  4:24  Marine  
  35  4:28  Factory Tech Lab  
  36  4:32  SCV x2  
  38  4:38  Starport  
  39  4:45  SCV x2  
  39  4:48  Siege Tank  
  43  5:00  Engineering Bay  
  43  5:10  SCV x2  
  45  5:18  Starport Reactor  
  45  5:20  Marine  
  46  5:27  Supply Depot  
  46  5:31  Supply Depot  
  46  5:33  Marine x4  
  46  5:34  SCV x2  
  52  5:39  SCV  
  53  5:44  Siege Tank  
  56  5:54  Medivac x2  
  60  5:59  Marine x4  
  60  6:03  SCV  
  65  6:06  Refinery  
  65  6:07  Stimpack  
  65  6:15  SCV x2  
  67  6:24  Medivac  
  69  6:44  Medivac  
  69  6:45  Marine x5  
  76  6:48  SCV  
  76  6:49  SCV x2  
  79  7:04  Marine  
  79  7:05  Marine x2  
  82  7:14  Engineering Bay  
  82  7:19  Supply Depot  
  82  7:24  SCV x2  
  82  7:25  SCV  
  85  7:30  Refinery  
  85  7:41  Engineering Bay  
  85  7:42  Supply Depot  
  76  8:02  Marine  
  76  8:03  Marine x4  
  79  8:08  Combat Shields  
  79  8:13  SCV x2  
  79  8:14  SCV  
  79  8:15  Siege Tank  
  85  8:20  Marine  
  65  8:53  Armory  
  65  8:55  Factory  
  65  8:58  SCV x2  
  65  8:59  SCV  
  68  9:18  Viking x2  
  72  9:31  Marauder  
  74  9:39  Factory Tech Lab  
  74  9:44  SCV x3  
  77  9:57  Viking x2  
  81  10:03  SCV x2  
  81  10:04  Orbital Command  
  83  10:24  Thor  
  83  10:27  Thor  
  95  10:31  SCV  
  95  10:32  Command Center, SCV x2  
  84  10:59  Viking x2  
  88  11:07  Thor  
  88  11:10  Thor  
  100  11:12  SCV  
  100  11:15  Refinery  
  100  11:17  Refinery  
  101  11:29  SCV x2  
  103  11:34  SCV  
  104  11:41  SCV  
  104  11:46  Viking x2  
  109  11:47  Orbital Command  
  109  11:51  SCV x2  
  109  11:53  Thor x2, Supply Depot, SCV  
  117  12:15  Viking, Supply Depot  
  117  12:16  Viking  
  116  12:33  SCV x4  
  120  12:38  Supply Depot  
  120  12:40  Thor x2  
  132  12:45  Viking, SCV x3  
  132  12:46  Viking  
  139  13:01  Supply Depot  
  138  13:19  Refinery  
  138  13:22  SCV  
  138  13:23  Refinery, SCV x3  
  138  13:25  Starport  
  142  13:37  Marine x3  
  142  13:38  Marine x2  
  147  13:42  Thor x2  
  159  13:50  Supply Depot  
  159  13:51  Supply Depot  
  159  13:55  Marine x4  
  160  13:56  Marine  
  160  13:57  SCV  
  160  13:58  SCV x3  
  168  14:04  Starport Tech Lab  
  168  14:12  Terran Infantry Armor Level 1  
  168  14:13  Marine  
  168  14:14  Terran Vehicle Weapons Level 1  
  168  14:17  Armory, SCV x4  
  173  14:32  Marine x3  
  173  14:33  Marine x2  
  173  14:34  Thor x2  
  190  14:50  Marine  
  191  15:17  Thor  
  196  15:29  Marine x4  
  196  15:30  Marine  
  125  15:47  Marine x2  
  125  15:48  Marine x3  
  105  15:51  Thor  
  99  16:01  Viking x2  
  99  16:04  Raven  
  103  16:05  Marine x3  
  103  16:06  Marine x2  
  103  16:07  SCV  
  103  16:08  SCV x3  
  114  16:22  Thor  
  114  16:23  Marine  
  121  16:31  Medivac x2  
  125  16:46  Command Center  
  115  16:54  Marine x3  
  115  16:55  Marine  
  119  17:05  Viking x2  
  125  17:10  Medivac  
  125  17:12  Thor x2  
  125  17:14  Marine  
  125  17:15  Marine x3  
  141  17:17  SCV  
  142  17:35  Viking x2  
  146  17:37  Starport  
  146  17:46  Marine x5  
  147  18:04  Marine x5  
  147  18:05  Medivac x2  
  137  18:21  Marine x2  
  137  18:22  Marine x3, Thor x2  
  98  18:39  Marine x3  
  98  18:40  Marine x2  
  94  18:57  Marine x4  
  94  18:58  Marine  
  93  19:15  Marine x5  
  97  19:31  Starport Tech Lab  
  97  19:33  Marine x5  
  102  19:41  Barracks  
  102  19:42  Barracks  
  102  19:43  Barracks  
  102  19:45  Barracks  
  101  19:50  Marine  
  101  19:51  Marine x4  
  85  20:08  Marine x2  
  85  20:09  Marine x3  
Show
View Real Time Build Order
Export as new Build Order

Contrajoe Terran - Winner!

Build Orders: Command Center First (CC) 

Get SALT Encoding   

  12  0:04  SCV  
  13  0:19  Supply Depot  
  13  0:22  SCV  
  14  0:34  SCV  
  15  0:46  SCV  
  16  0:58  SCV  
  17  1:04  Command Center  
  17  1:11  Refinery  
  17  1:14  SCV  
  18  1:34  SCV  
  18  1:39  Refinery  
  19  1:50  Barracks  
  19  1:55  SCV  
  20  2:17  Engineering Bay  
  20  2:18  SCV x2  
  22  2:30  Command Center  
  22  2:34  SCV  
  23  2:48  Planetary Fortress  
  23  2:55  Marine, SCV  
  25  3:19  SCV  
  26  3:21  Marine  
  27  3:29  Hi-Sec Auto Tracking  
  27  3:42  Factory  
  27  3:56  Missile Turret  
  27  3:59  Planetary Fortress  
  27  4:04  Missile Turret  
  27  4:07  Missile Turret, SCV x2  
  29  4:26  Widow Mine  
  31  4:33  Starport  
  31  4:38  SCV x3  
  34  4:50  SCV x3  
  37  4:53  Missile Turret  
  37  4:56  Missile Turret  
  37  5:02  SCV  
  38  5:08  Factory Reactor  
  38  5:14  Starport Tech Lab  
  38  5:25  Starport  
  38  5:26  SCV x3, Refinery  
  38  5:28  Refinery  
  41  5:36  Factory  
  41  5:38  Raven  
  41  5:40  SCV x3  
  46  5:45  Marine  
  47  5:53  Hellion x2  
  51  6:08  Missile Turret  
  51  6:09  Missile Turret  
  51  6:14  Widow Mine  
  53  6:20  Missile Turret  
  53  6:23  Supply Depot  
  53  6:25  Planetary Fortress  
  53  6:26  Factory Tech Lab, Supply Depot  
  53  6:42  Starport Tech Lab  
  53  6:44  Marine, Raven  
  56  6:48  Supply Depot  
  56  6:49  Missile Turret  
  56  6:53  Widow Mine  
  56  6:54  Widow Mine  
  56  6:55  Siege Tank  
  63  7:03  SCV x2  
  63  7:04  SCV  
  66  7:20  Raven  
  66  7:22  Corvid Reactor  
  68  7:27  Recalibrated Explosives  
  68  7:38  SCV  
  68  7:39  SCV x2  
  71  7:53  Marine, Widow Mine x2  
  76  8:00  Supply Depot  
  76  8:01  Supply Depot  
  76  8:22  Siege Tank  
  77  8:29  Refinery  
  77  8:30  Refinery  
  74  8:39  Marine, Widow Mine x2  
  74  8:40  Raven x2  
  83  8:45  SCV x3  
  82  9:01  SCV x3  
  85  9:04  Siege Tank  
  85  9:05  Building Armor  
  85  9:07  Command Center  
  88  9:10  Refinery  
  88  9:44  Command Center  
  88  9:45  Missile Turret  
  88  10:02  Raven x2  
  88  10:03  Marine  
  93  10:09  Supply Depot  
  93  10:12  Supply Depot x2  
  93  10:13  Supply Depot x2  
  93  10:18  Siege Tank, Widow Mine x2, SCV x2  
  93  10:19  SCV  
  104  10:22  Planetary Fortress  
  103  10:30  SCV x2  
  103  11:00  Missile Turret  
  103  11:01  Planetary Fortress  
  103  11:10  SCV x3  
  106  11:21  Missile Turret x2  
  106  11:23  SCV x3  
  109  11:25  Marine  
  109  11:26  Siege Tank, Widow Mine x2  
  109  11:27  Raven x2  
  109  11:29  Refinery  
  109  11:32  Missile Turret, Refinery  
  121  11:34  Refinery  
  121  11:35  SCV x2  
  123  11:44  Missile Turret  
  123  11:50  Missile Turret  
  115  12:27  Barracks x2  
  115  12:28  Barracks  
  115  12:32  SCV x4  
  115  12:33  Barracks, SCV  
  115  12:34  Marine, Barracks  
  115  12:35  Barracks, Widow Mine x2  
  115  12:36  Siege Tank, Raven x2  
  132  12:38  Terran Infantry Weapons Level 1  
  132  12:43  Engineering Bay  
  132  12:44  SCV x3  
  132  12:45  SCV x2  
  132  12:49  Barracks  
  132  12:50  Barracks  
  137  12:52  Marine  
  137  12:56  SCV x2  
  137  12:57  SCV  
  137  13:09  Starport  
  137  13:16  Starport  
  137  13:24  Starport  
  137  13:25  Starport  
  137  13:29  Barracks Tech Lab x3  
  137  13:30  Barracks Reactor x2  
  137  13:31  Barracks Tech Lab, Barracks Reactor  
  137  13:38  Supply Depot  
  137  13:46  Command Center  
  137  13:49  Raven x2  
  137  13:50  Refinery  
  137  13:53  Starport Tech Lab  
  141  14:00  SCV x4  
  141  14:01  SCV  
  141  14:02  Factory  
  146  14:04  Starport Tech Lab  
  146  14:06  Stimpack  
  146  14:10  Command Center, Concussive Shells  
  146  14:12  SCV x4  
  146  14:13  SCV  
  146  14:14  Barracks Tech Lab x2  
  146  14:15  Missile Turret, Marauder x3  
  146  14:16  Marauder, Marine x2  
  146  14:17  Marine  
  161  14:23  Command Center  
  162  14:25  Missile Turret  
  162  14:38  SCV x2  
  162  14:39  SCV x3  
  162  14:40  Marine x4  
  162  14:44  Supply Depot  
  162  14:45  Supply Depot  
  171  14:47  Starport Tech Lab  
  171  14:58  Marauder x4, Marine, Raven x2, SCV  
  185  15:05  Widow Mine x2  
  185  15:06  Siege Tank, Marauder  
  190  15:21  SCV x2  
  190  15:27  SCV x2  
  194  15:34  SCV  
  177  15:51  Marauder, Marine x2  
  177  15:52  Marauder x2, Marine x3  
  182  16:01  SCV  
  182  16:02  SCV x3  
  182  16:04  Orbital Command, Command Center  
  187  16:06  Orbital Command  
  186  16:13  Marauder  
  186  16:14  SCV  
  186  16:17  SCV x3  
  192  16:20  Refinery x2  
  192  16:21  Marine x2  
  194  16:29  Supply Depot  
  194  16:32  Supply Depot  
  194  16:33  Supply Depot  
  194  16:35  Supply Depot  
  194  16:36  Supply Depot  
  194  16:39  Supply Depot  
  194  16:40  Marine  
  194  16:42  Marine x2  
  194  16:48  Marauder  
  194  16:49  Raven  
  194  16:50  Marauder, Widow Mine, Raven x2  
  200  16:54  Raven  
  200  17:52  Command Center  
  200  17:56  Command Center  
  200  18:00  Command Center  
  200  18:02  Command Center  
  200  18:05  Widow Mine  
  199  18:07  Raven  
  199  18:10  Marauder  
  199  18:11  Siege Tank  
  184  18:24  Marauder x2, Marine x4  
  184  18:25  Raven x2  
  184  18:26  Raven x2  
  174  18:31  Marauder  
  165  18:45  Marauder  
  165  18:46  Marauder  
  165  18:49  Marine x4  
  165  18:50  Raven  
  165  18:53  Marauder  
  173  18:57  Marine x2  
  173  19:01  SCV x2  
  173  19:02  SCV x2  
  178  19:07  Marauder x2, Marine x2  
  178  19:08  Raven  
  184  19:14  Marauder  
  167  19:28  Marauder  
  167  19:31  SCV x6  
Tags
 
Add a new tag
Caveats
  • Supply blocks, unpowered buildings, or Contaminate may cause inaccurate times.
  • Supply counts are checked every 10 seconds.